 Dungeon Crawl Stone Soup version 0.25.1-2-g60ff931df9 (webtiles) character file.

Game seed: 12093228701350675914

62 HawFromDerth the Ruffian (level 3, 0/28 HPs)
             Began as a Draconian Transmuter on Sept 22, 2020.
             Slain by a worker ant (3 damage)
             ... on level 3 of the Dungeon.
             The game lasted 00:03:36 (3138 turns).

HawFromDerth the Ruffian (Draconian Transmuter)     Turns: 3138, Time: 00:03:37

Health: 0/28       AC:  5    Str: 13    XL:     3   Next: 85%
Magic:  5/6        EV: 12    Int: 13    God:
Gold:   180        SH:  0    Dex: 11    Spells: 5/6 levels left

rFire    . . .     SeeInvis .   i - +0 short sword
rCold    . . .     Gourm    .   (no shield)
rNeg     . . .     Faith    .   (armour unavailable)
rPois    .         Spirit   .   (helmet restricted)
rElec    .         Reflect  .   (no cloak)
rCorr    .         Harm     .   (no gloves)
MR       .....                  (boots currently unavailable)
Stlth    +.........             (no amulet)
HPRegen  0.09/turn              (no ring)
MPRegen  0.10/turn              (no ring)

@: lethally poisoned (0 -> -7), appendage
A: unfitting armour, talons 3, cold-blooded, AC +5
a: End Transformation


You were on level 3 of the Dungeon.
You were not hungry.
You had grown temporary talons.
You visited 1 branch of the dungeon, and saw 3 of its levels.

You collected 180 gold pieces.

Inventory:

Hand Weapons
 i - a +0 short sword (weapon)
Missiles
 a - 85 arrows
Jewellery
 j - a cursed ring of teleportation {unknown}
 k - a cursed amulet of inaccuracy {unknown}
 m - a +6 ring of dexterity {unknown}
Scrolls
 d - 2 scrolls of teleportation
 e - 2 scrolls of magic mapping
 f - 2 scrolls of amnesia
 g - 2 scrolls of identify {unknown}
 h - a scroll of enchant armour {unknown}
Comestibles
 c - 4 rations


   Skills:
 + Level 1.1 Fighting
 + Level 0.3 Short Blades
 + Level 2.2 Dodging
 + Level 0.4 Stealth
 + Level 3.6 Unarmed Combat
 + Level 2.4 Spellcasting
 + Level 2.6 Transmutations


You had 5 spell levels left.
You knew the following spells:

 Your Spells              Type           Power        Failure   Level  Hunger
a - Beastly Appendage     Tmut           #.....       9%          1    #......

Your spell library contained the following spells:

 Spells                   Type           Power        Failure   Level  Hunger
 Sticks to Snakes         Tmut           #.......     13%         2    ###....
 Spider Form              Tmut/Pois      #.........   41%         3    ###....
 Ice Form                 Ice/Tmut       #.......     82%         4    #####..
 Blade Hands              Tmut           #.........   93%         5    ######.


Dungeon Overview and Level Annotations

Branches:
Dungeon (3/15)

Altars:


Innate Abilities, Weirdness & Mutations

Your plain brown scales are hard. (AC +5)
You cannot fit into any form of body armour.
You are cold-blooded and may be slowed by cold attacks.
You have claws for feet.


Message History

You feel sick.
* * * LOW HITPOINT WARNING * * *
You feel sick. The worker ant bites you.
* * * LOW HITPOINT WARNING * * *
Your transformation is almost over.
* * * LOW HITPOINT WARNING * * *
You feel sick.
You aren't carrying any potions.
Casting: Beastly Appendage (safe; 9% risk of failure)
Confirm with . or Enter, or press ? or * to list all spells.
You extend your transformation's duration.
* * * LOW HITPOINT WARNING * * *
You feel sick. The worker ant barely misses you.
You are too injured to fight recklessly!
You are too injured to fight recklessly!
Unknown command.
You barely miss the worker ant.
Your tail-slap misses the worker ant.
* * * LOW HITPOINT WARNING * * *
You feel sick. The worker ant bites you.
You die...

...........#.......###########
........#..##.####.#
..........>##......#
#####'###########################
......#..........................
......#.#########################
......#..........................
......##################.##+##..#
......'.......Sa@........#...#.##
......####....##########.#.8.#.##
........##.[......# #.#...#.##
##...##.##........# #.##'##.##
#....#.##........# #.......##
##....#,##........# ####....##
.#....#,*###......# #...###
.#.รท..#,* #......# ###.# #
.#....#,* #......# #.# #


You could see a worker ant and an adder.

Vanquished Creatures
  2 adders (D:3)
  A dart slug (D:3)
  2 giant cockroaches (D:2)
  6 goblins
  9 hobgoblins
  A quokka (D:3)
  A ball python (D:3)
  6 bats
  3 frilled lizards
  7 kobolds
  4 rats
42 creatures vanquished.

Notes
Turn   | Place    | Note
-------+----------+-------------------------------------------
     0 | D:1      | HawFromDerth the Draconian Transmuter began the quest for
                  | the Orb.
     0 | D:1      | Reached XP level 1. HP: 16/16 MP: 3/3
   188 | D:1      | Reached XP level 2. HP: 16/23 MP: 3/5
  1325 | D:2      | Reached XP level 3. HP: 28/28 MP: 4/6
  3138 | D:3      | Slain by a worker ant

Illustrated notes

Levels and vault maps discovered:
D:1:      dpeg_arrival_round_a, layout_loops_ring, minmay_misc_feat_chi
D:2:      layout_loops_corners, first_ration, chequers_big_river
D:3:      layout_basic, lightli_temple_of_fire, minmay_misc_feat_encased,
          minmay_misc_feat_room, grunt_ministairs_5

Skill      XL: |  1 |
---------------+----+-----
Dodging        | 2 |  2.2
Fighting       | |  1.1
Short Blades   | |  0.3
Stealth        | |  0.4
Unarmed Combat | |  3.6
Spellcasting   | |  2.4
Transmutations | |  2.6

Action                   || total
-------------------------++-------
Melee: Unarmed           ||    57
       Tailslap          ||     6
       Headbutt          ||    11
       Kick              ||     7
       Short sword       ||    82
       Punch             ||     1
 Cast: Beastly Appendage ||    33
  Use: Scroll            ||     5
       Potion            ||     2
  Eat: Chunk             ||     4
       Ration            ||     1
Armor: Skin              ||    37
Dodge: Dodged            ||   107
